 Dungeon Crawl Stone Soup version 0.28-b1-78-gc65acfa365 (webtiles) character file.

Game seed: 5733015380941773996

103 Awezug the Poker (level 4, -2/35 HPs)
             Began as a Merfolk Gladiator on Feb 4, 2022.
             Slain by a wyvern zombie (12 damage)
             ... on level 3 of the Dungeon.
             The game lasted 00:14:12 (2331 turns).

Awezug the Poker (Merfolk Gladiator)                Turns: 2331, Time: 00:14:13

Health: -2/35      AC:  6    Str: 14    XL:     4   Next: 79%
Magic:  4/4        EV: 14    Int:  7    God:
Gold:   1452       SH:  0    Dex: 17    Spells: 3/3 levels left

rFire   . . .      SeeInvis .   a - +0 trident
rCold   . . .      Faith    .   (no shield)
rNeg    . . .      Spirit   .   b - +1 leather armour
rPois   .          Reflect  .   c - +0 helmet
rElec   .          Harm     +   e - scarf {harm}
rCorr   .          Rampage  .   (no gloves)
Will    .....                   h - +0 pair of boots
Stlth   +.........              (no amulet)
HPRegen 0.11/turn               (no ring)
MPRegen 0.09/turn               (no ring)

@: about to teleport
A: (nimble swimmer 2), mertail
a: no special abilities


You were on level 3 of the Dungeon.
You visited 1 branch of the dungeon, and saw 3 of its levels.

You collected 1452 gold pieces.

Inventory:

Hand Weapons
 a - a +0 trident (weapon)
 g - a +4 demon trident of electrocution
Missiles
 d - 3 throwing nets (quivered)
Armour
 b - a +1 leather armour (worn)
 c - a +0 helmet (worn)
 e - a scarf of harm (worn)
 h - a +0 pair of boots (worn)
Scrolls
 f - a scroll of teleportation
 i - 2 scrolls of acquirement
 k - 2 scrolls of vulnerability
Potions
 j - 2 potions of magic
 l - 2 potions of lignification {unknown}
 m - a potion of curing {unknown}


   Skills:
 + Level 3.5 Fighting
 + Level 5.6 Polearms
 - Level 2.1 Throwing
 + Level 5.1 Dodging


You had 3 spell levels left.
You didn't know any spells.
Your spell library contained the following spells:

 Spells                   Type           Power      Damage    Failure   Level
 Freeze                   Ice            0%         1d3       52%         1
 Slow                     Hex            0%         N/A       52%         1
 Summon Small Mammal      Summ           0%         N/A       52%         1
 Call Canine Familiar     Summ           0%         N/A       87%         3
 Confusing Touch          Hex            0%         N/A       87%         3
 Summon Guardian Golem    Hex/Summ       0%         N/A       87%         3
 Vampiric Draining        Necr           0%         2d6       87%         3
 Conjure Ball Lightning   Conj/Air       0%         3x3d6     100%        6
 Discord                  Hex            0%         N/A       100%        8
 Disjunction              Tloc           0%         N/A       100%        8


Dungeon Overview and Level Annotations

Branches:
Dungeon (3/15)

Altars:
Wu Jian


Innate Abilities, Weirdness & Mutations

((You are very nimble when in or above water. (Stealth+, EV+, Speed+++)))
Your lower body shifts to a powerful aquatic tail in water.


Message History

You hit the endoplasm.
The endoplasm is almost dead.
The endoplasm hits you.
You hit the endoplasm.
You kill the endoplasm!
A wyvern zombie comes into view.
Reach: a) +0 trident
Press: ? - help, Dir - move target, f - wyvern zombie
Aim: a wyvern zombie (about 21% to evade your +0 trident)
You reach to attack!
You hit the wyvern zombie.
The wyvern zombie is lightly damaged.
The wyvern zombie bites you.
You hit the wyvern zombie but do no damage.
The wyvern zombie is lightly damaged.
The wyvern zombie closely misses you.
You barely miss the wyvern zombie.
The wyvern zombie is lightly damaged.
The wyvern zombie closely misses you. The wyvern zombie bites you.
You hit the wyvern zombie.
The wyvern zombie is lightly damaged.
The wyvern zombie misses you.
You puncture the wyvern zombie!
The wyvern zombie is moderately damaged.
The wyvern zombie bites you.
You hit the wyvern zombie but do no damage.
The wyvern zombie is moderately damaged.
The wyvern zombie barely misses you. The wyvern zombie closely misses you.
You hit the wyvern zombie.
The wyvern zombie is heavily damaged.
The wyvern zombie bites you!
You barely miss the wyvern zombie.
The wyvern zombie is heavily damaged.
The wyvern zombie closely misses you.
You hit the wyvern zombie but do no damage.
The wyvern zombie is heavily damaged.
The wyvern zombie bites you.
* * * LOW HITPOINT WARNING * * *
As you read the scroll of teleportation, it crumbles to dust.
You feel strangely unstable. The wyvern zombie bites you!
You die...

........[..#
............#####+# #...
#.................. #...
#............<..... #....
#.................. #....
#...<.............. #.....
#..................
#.....##..................
#........@Z...........)...
..###'''########.......).
##.......## #.........
##.§≈...≈..#####......)..
##.§≈.≈.≈.≈..##...........
##§.§...≈...≈..##..........
##..≈.§.§.§.≈.§..##.........
##..§§..§.≈.≈)..≈..##........
#..§§≈.§.≈.≈.§.≈.≈..#.#######


You could see a wyvern zombie.

Vanquished Creatures
  3 adders
  A worm (D:2)
  2 dart slugs (D:1)
  2 orcs (D:3)
  6 ball pythons
  5 endoplasms
  3 giant cockroaches
  4 goblins
  10 hobgoblins
  2 quokkas
  9 bats
  6 frilled lizards
  6 kobolds
  6 rats
65 creatures vanquished.

Notes
Turn   | Place    | Note
-------+----------+-------------------------------------------
     0 | D:1      | Awezug the Merfolk Gladiator began the quest for the Orb.
     0 | D:1      | Reached XP level 1. HP: 16/16 MP: 1/1
   119 | D:1      | Identified a scroll of acquirement
   119 | D:1      | Acquired a +4 demon trident of electrocution
   138 | D:1      | Reached XP level 2. HP: 21/23 MP: 2/2
   385 | D:1      | Reached XP level 3. HP: 26/28 MP: 3/3
   485 | D:1      | Reached skill level 5 in Polearms
   937 | D:2      | Found an ornate altar of the Wu Jian Council.
  1386 | D:2      | Reached XP level 4. HP: 33/35 MP: 4/4
  1688 | D:2      | Reached skill level 5 in Dodging
  1904 | D:2      | Acquired 1324 gold pieces
  2090 | D:3      | Found a faded altar of an unknown god.
  2106 | D:3      | Got Plato's Almanac of the Frostbite
  2331 | D:3      | Slain by a wyvern zombie

Illustrated notes

Levels and vault maps discovered:
D:1:      wander_arrival_peaceful_grave, layout_basic, st_stairs_2,
          interstate_on_off, minmay_circled_x
D:2:      layout_basic, basic_altar, grunt_decor_junction
D:3:      layout_basic, shapermc_ecumenical_altar_rom_forum,
          hangedman_glass_teeth, kennysheep_small_spiral,
          kennysheep_cluttered_room

Skill      XL: |  1  2  3  4 |
---------------+-------------+-----
Polearms       | 5 |  5.6
Fighting       | 3 |  3.5
Dodging        | 5 |  5.1
Throwing       | |  2.1

Action                   |  1- 3 |  4- 6 || total
-------------------------+-------+-------++-------
Melee: Trident           |    62 |    81 ||   143
       Demon trident     |    46 |       ||    46
       Punch             |     1 |       ||     1
  Use: Scroll            |     7 |     3 ||    10
       Potion            |     1 |       ||     1
 Stab: Sleeping          |     2 |       ||     2
       Distracted        |     1 |       ||     1
Armor: Leather armour    |    26 |    15 ||    41
Dodge: Dodged            |    77 |    45 ||   122
